[Event "Late-Titled-Tuesday-Blitz-October-17-2023"]
[Site "Chess.com"]
[Date "2023.10.17"]
[Round "6"]
[White "Russian_berezka"]
[Black "wgraif"]
[Result "1-0"]
[WhiteElo "2699"]
[BlackElo "2512"]
[TimeControl "180+1"]
[EndTime "15:05:33 PDT"]
[Termination "Russian_berezka won by resignation"]

1. d4 Nf6 2. Bf4 c5 3. e3 Qb6 4. Nc3 Qxb2 5. Nb5 cxd4 6. Rb1 Qxa2 7. Nc7+ Kd8 8. Nxa8 e5 9. Bg5 Qa5+ 10. Qd2 Qa2 11. Qc1 Qa5+ 12. Qd2 Qa2 13. Rb3 Qa1+ 14. Qd1 Qa5+ 15. Qd2 Qa1+ 16. Qd1 Qa5+ 17. c3 dxc3 18. Qc2 Nc6 19. Nf3 d5 20. Bb5 Nb4 21. Qxc3 Bd6 22. Nxe5 Qa1+ 23. Qxa1 Nc2+ 24. Ke2 Nxa1 25.
Rxa1 Bxe5 26. Rxa7 h6 27. Bxf6+ Bxf6 28. Nb6 1-0

[Event "Late-Titled-Tuesday-Blitz-October-17-2023"]
[Site "Chess.com"]
[Date "2023.10.17"]
[Round "6"]
[White "filipluczak05"]
[Black "Noki102"]
[Result "1-0"]
[WhiteElo "2616"]
[BlackElo "2441"]
[TimeControl "180+1"]
[EndTime "15:05:34 PDT"]
[Termination "filipluczak05 won by resignation"]

1. d4 d5 2. Nc3 Nf6 3. Bf4 Bf5 4. e3 e6 5. Bd3 Bb4 6. Ne2 O-O 7. O-O c5 8. dxc5 Bxc5 9. Bxf5 exf5 10. Be5 Nc6 11. Bxf6 Qxf6 12. Qxd5 Bb6 13. Rad1 h5 14. Qb3 h4 15. h3 Rfe8 16. Nd5 Qg5 17. Nxb6 axb6 18. Nf4 Ne5 19. Qxb6 Ra4 20. Qxb7 Kh7 21. Kh1 Rxa2 22. Qb5 Qe7 23. Rd4 Rea8 24. Nd5 Qe8 25. Rxh4+ Kg8 26.
Qxe8+ Rxe8 27. Rb4 Kh7 28. Nf4 g5 29. Nd3 Ng6 30. Rb5 f4 31. Rxg5 fxe3 32. fxe3 Kg7 33. Rgf5 Re7 34. Kh2 Rc7 35. R1f2 Ne7 36. Rg5+ 1-0

[Event "Late-Titled-Tuesday-Blitz-October-17-2023"]
[Site "Chess.com"]
[Date "2023.10.17"]
[Round "6"]
[White "dadice10"]
[Black "AsaHoffmann"]
[Result "0-1"]
[WhiteElo "2212"]
[BlackElo "2344"]
[TimeControl "180+1"]
[EndTime "15:05:35 PDT"]
[Termination "AsaHoffmann won by resignation"]

1. e4 d6 2. d4 Nf6 3. Nc3 c6 4.
f4 Qa5 5. e5 Nd5 6. Qf3 Bf5 7.
Bd3 Bxd3 8. cxd3 Nxc3 9. Bd2 Qd5 10. bxc3 Qxf3 11. Nxf3 e6 12. O-O d5 13. a4 b6 14. a5 b5 15. c4 a6 16. cxd5 cxd5 17. Rac1 Be7 18. Rc7 Bd8 19. Rb7 Nc6 20. Rc1 Nxa5 21.
Bxa5 Bxa5 22. Ra1 Bd8 23. f5 O-O 24. fxe6 fxe6 25. Rxb5 a5 26. Ra4 h6 27. h3 Be7 28.
Rb7 Bb4 29. Rb6 Rfe8 30. Kf2 Rab8 31. Rxb8 Rxb8 32. Ke3 Rc8 33. Ra2 Rc1 34. Nd2 Re1+ 35. Kf2 Rd1 36. Ke2 Rxd2+ 37. Rxd2 Bxd2 38. Kxd2 Kf7 39. Kc3 Kg6 40. Kb3 Kf5 41. g3 h5 42. Ka4 h4 43.
gxh4 Kf4 44. Kxa5 Ke3 0-1

[Event "Late-Titled-Tuesday-Blitz-October-17-2023"]
[Site "Chess.com"]
[Date "2023.10.17"]
[Round "6"]
[White "stefan_95"]
[Black "Arash_Tahbaz"]
[Result "0-1"]
[WhiteElo "2724"]
[BlackElo "2907"]
[TimeControl "180+1"]
[EndTime "15:05:37 PDT"]
[Termination "Arash_Tahbaz won by checkmate"]

1. d4 g6 2. Nf3 Bg7 3. Bf4 d6 4. e3 Nf6 5. h3 O-O 6. Be2 c5 7. O-O Qb6 8. c3 Qxb2 9. Nbd2 Nd5 10. Rb1 Qxc3 11. Nc4 Bf5 12. Rc1 Qb4 13. a3 Qb5 14.
Nxd6 Qd7 15. Nxf5 Nxf4 16. exf4 Qxf5 17. dxc5 Qxf4 18. Qb3 Qc7 19. Bc4 Nd7 20. Qe3 e6 21. Bb5 Rac8 22. c6 Nb6 23. cxb7 Qxb7 24. Qe2 Qe7 25.
a4 Nd5 26. Ne5 Rxc1 27. Rxc1 Nf4 28. Qe4 Qg5 29. Re1 Bxe5 30. Qxe5 Qxg2# 0-1

[Event "Late-Titled-Tuesday-Blitz-October-17-2023"]
[Site "Chess.com"]
[Date "2023.10.17"]
[Round "6"]
[White "alexrustemov"]
[Black "Goryachkina"]
[Result "1/2-1/2"]
[WhiteElo "2823"]
[BlackElo "2650"]
[TimeControl "180+1"]
[EndTime "15:05:38 PDT"]
[Termination "Game drawn by agreement"]

1. d4 Nf6 2. Bg5 d5 3. Nd2 Bf5 4. e3 Ne4 5. Bf4 e6 6. Ngf3 Bd6 7. Bxd6 cxd6 8. c4 Nxd2 9. Qxd2 dxc4 10. Bxc4 O-O 11.
O-O Nd7 12. Rfc1 h6 13. Qb4 Qb6 14. Qxb6 Nxb6 15. Bb3 Rfc8 16. Nd2 Kf8 17. e4 Bg6 18. f3 Ke7 19. Kf2 Rxc1 20. Rxc1 Rc8 21. Rxc8 Nxc8 22.
Ke3 Nb6 23. f4 f5 24. e5 d5 25. Bd1 Be8 26. b3 a5 27. Kd3 Nc8 28. Kc3 Na7 29. a3 Nb5+ 30. Kb2 Nxd4 31. Nf3 Nxf3 32. Bxf3 g5 33. g3 Bc6 34. b4 axb4 35. axb4 Kd7 36.
Be2 Kc7 37. Kc3 g4 38. Kd4 b6 39. Bf1 Kd7 40. h3 h5 41. h4 Ke7 42. Bd3 Kd7 43. Be2 Ke7 44. Ba6 Kd7 45. Be2 Ke7 46. Bd3 Kd7 1/2-1/2

[Event "Late-Titled-Tuesday-Blitz-October-17-2023"]
[Site "Chess.com"]
[Date "2023.10.17"]
[Round "6"]
[White "BardArtem"]
[Black "h4parah5"]
[Result "0-1"]
[WhiteElo "2760"]
[BlackElo "2937"]
[TimeControl "180+1"]
[EndTime "15:05:42 PDT"]
[Termination "h4parah5 won by resignation"]

1. e4 c5 2. c3 Nf6 3. e5 Nd5 4. Nf3 d6 5. Bc4 Nb6 6. e6 fxe6 7. Bb3 c4 8. Bc2 Nc6 9. Qe2 e5 10. Na3 Be6 11. Ng5 Bd5 12. Nxh7 Kd7 13. Qh5 e6 14. d3 Be7 15. dxc4 Nxc4 16. Nxc4 Bxc4 17. Bg5 Rxh7 18. Qxh7 Bxg5 19. Qxg7+ Qe7 20. Qxe7+ Bxe7 21. Bb3 Ba6 22. O-O-O Rf8 23. f3 e4 24.
Rhe1 Bg5+ 25. Kb1 e3 26. Rh1 e2 27. Rde1 Bd2 28. Kc2 Bxe1 29. Rxe1 Ne5 30. Kd2 Rg8 31. c4 Rxg2 32. Rxe2 Nxf3+ 33. Ke3 Rxe2+ 34. Kxe2 Nxh2 0-1

[Event "Late-Titled-Tuesday-Blitz-October-17-2023"]
[Site "Chess.com"]
[Date "2023.10.17"]
[Round "6"]
[White "Carlitus2004"]
[Black "Thormento16"]
[Result "1-0"]
[WhiteElo "2492"]
[BlackElo "2335"]
[TimeControl "180+1"]
[EndTime "15:05:42 PDT"]
[Termination "Carlitus2004 won by resignation"]

1. e4 c6 2. Nf3 d5 3. d3 dxe4 4. Ng5 exd3 5. Bxd3 Nf6 6. Nxf7 Kxf7 7. Bg6+ hxg6 8.
Qxd8 Bf5 9. O-O e6 10. Bf4 Rg8 11. Bxb8 Be7 12. Qc7 Raxb8 13. Nc3 Rgc8 14. Qe5 Bxc2 15.
Rac1 Bf5 16. f3 Rd8 17. Rfd1 Nd7 18. Qc7 Nc5 19. Rxd8 Rxd8 20. Rd1 Bd3 21. Ne4 Rd7 22.
Qf4+ Kg8 23. Nf2 Bf6 24. b4 Rd4 25. Qxd4 Bxd4 26. bxc5 Bxf2+ 27. Kxf2 Ba6 28. Rd7 Bc4 29. a3 b5 30. Rxa7 Bd5 31. f4 Kh7 32. g4 Kh6 33. h4 Kh7 34. Ra8 Bc4 35. Ke3 Bd5 36. Re8 Bb3 37. Kd4 Bd5 38. Ke5 Bf3 39. Rxe6 Bxg4 40.
Rxc6 Bf3 41. Rb6 Be2 42. c6 1-0

[Event "Late-Titled-Tuesday-Blitz-October-17-2023"]
[Site "Chess.com"]
[Date "2023.10.17"]
[Round "6"]
[White "maciek_92"]
[Black "Joshukid"]
[Result "0-1"]
[WhiteElo "2817"]
[BlackElo "2567"]
[TimeControl "180+1"]
[EndTime "15:05:43 PDT"]
[Termination "Joshukid won by resignation"]

1. Nf3 d5 2. b3 Nf6 3. e3 g6 4. Bb2 Bg7 5. c4 c6 6. Be2 O-O 7. O-O Bg4 8. Nc3 Nbd7 9. d4 e6 10. Rc1 Re8 11. Re1 Qa5 12. h3 Bxf3 13. Bxf3 dxc4 14.
bxc4 e5 15. Qb3 exd4 16. exd4 Qb6 17. c5 Qxb3 18. axb3 Rxe1+ 19. Rxe1 Re8 20. Rd1 h6 21. b4 Nh7 22. b5 Nb8 23. Kf1 Ng5 24. Be2 Ne6 25. Na4 a6 26. bxc6 bxc6 27. Bc4 Nd7 28. Bc3 Rb8 29. Re1 Ndf8 30. Re4 Bf6 31. Ke2 Kg7 32. Kd3 g5 33. d5 Nf4+ 34. Rxf4 gxf4 35. Bd2 cxd5 36. Bxd5 Nd7 37. c6 Ne5+ 38. Ke4 Rc8 39. Nb6 Re8 40. Kxf4 Nxc6 41. Bxc6 Re6 0-1

[Event "Late-Titled-Tuesday-Blitz-October-17-2023"]
[Site "Chess.com"]
[Date "2023.10.17"]
[Round "6"]
[White "Kostukov_Alex"]
[Black "MathiasWomacka"]
[Result "0-1"]
[WhiteElo "2401"]
[BlackElo "2539"]
[TimeControl "180+1"]
[EndTime "15:05:43 PDT"]
[Termination "MathiasWomacka won on time"]

1. g3 c5 2. Bg2 Nc6 3. c4 g6 4.
Nf3 Bg7 5. O-O e5 6. Nc3 Nge7 7. d3 d6 8. Bd2 O-O 9. Ne1 Be6 10. Nc2 d5 11. cxd5 Nxd5 12. Ne3 Nde7 13. Qa4 Rc8 14. Rfc1 Qd7 15. Ne4 Nd4 16. Qxd7 Bxd7 17.
Kf1 b6 18. b4 cxb4 19. Bxb4 Rxc1+ 20. Rxc1 Rc8 21. Rxc8+ Nxc8 22. Nc4 h6 23. e3 Nc6 24. Ba3 b5 25. Ncd6 Nxd6 26. Nxd6 a6 27. Nb7 b4 28. Bb2 Bf8 29. Bxc6 Bxc6 30. Nd8 Bb5 31. Bxe5 Bxd3+ 32. Ke1 Bc4 33. a3 bxa3 34. Kd2 a2 35. Kc2 Bd5 0-1

[Event "Late-Titled-Tuesday-Blitz-October-17-2023"]
[Site "Chess.com"]
[Date "2023.10.17"]
[Round "6"]
[White "dianamirza"]
[Black "PawnEatingZombie"]
[Result "1/2-1/2"]
[WhiteElo "1963"]
[BlackElo "2280"]
[TimeControl "180+1"]
[EndTime "15:05:51 PDT"]
[Termination "Game drawn by repetition"]

1. d4 Nf6 2. Nf3 g6 3. c4 Bg7 4. Nc3 d5 5. cxd5 Nxd5 6. e4 Nxc3 7. bxc3 c5 8. Bb2 Qa5 9. Bc4 cxd4 10. Nxd4 O-O 11.
O-O Nc6 12. Nxc6 bxc6 13. Qf3 Ba6 14. Bxa6 Qxa6 15. Rfd1 Rfd8 16. a4 Qc4 17. Ba3 e6 18. Bb4 Rxd1+ 19. Rxd1 a5 20. Rd7 e5 21. Bd6 Qe6 22. Qh3 Qa2 23. f3 Qxa4 24. Qh4 Qc4 25. Rd8+ Bf8 26. Rxa8 Qe2 27. Rxf8+ Kg7 28. Qf2 Qd1+ 29.
Qf1 Qxd6 30. Ra8 Qc5+ 31. Qf2 Qxc3 32. Ra6 Qc1+ 33. Qf1 Qc5+ 34. Qf2 Qc1+ 35. Qf1 Qc5+ 36. Qf2 Qc1+ 1/2-1/2

[Event "Late-Titled-Tuesday-Blitz-October-17-2023"]
[Site "Chess.com"]
[Date "2023.10.17"]
[Round "6"]
[White "Thjop"]
[Black "jamengrand"]
[Result "1-0"]
[WhiteElo "2667"]
[BlackElo "2332"]
[TimeControl "180+1"]
[EndTime "15:05:52 PDT"]
[Termination "Thjop won on time"]

1. e4 e5 2. Nf3 Nc6 3. Bb5 a6 4.
Ba4 Nf6 5. O-O Be7 6. d3 b5 7. Bb3 O-O 8. Nc3 d6 9. a3 Be6 10. Bg5 Bxb3 11. cxb3 Nd7 12. Bxe7 Nxe7 13. b4 c5 14. Qb3 Rc8 15. Rac1 c4 16. dxc4 Rxc4 17. Rcd1 Qc7 18. Rd3 Nf6 19. Re1 h6 20. Nd2 Rd4 21. Qc2 Rc8 22. Qb1 Ng6 23. g3 Qb6 24. Nf3 Rdc4 25. Qd1 R8c6 26. Qd2 a5 27. bxa5 Qxa5 28. Rxd6 Rxc3 29. bxc3 Qxc3 30. Rxc6 Qxc6 31. Qd3 Kh7 32. Kg2 Nh5 33. Kg1 Qf6 34. Nd2 Qg5 35. Nf3 Qg4 36. Re3 Nhf4 37. Qxb5 Qh3 38. Qf1 Qh5 39. gxf4 Nxf4 40.
a4 g5 41. Nxe5 g4 42. Nd3 1-0

[Event "Late-Titled-Tuesday-Blitz-October-17-2023"]
[Site "Chess.com"]
[Date "2023.10.17"]
[Round "6"]
[White "Nor1lsk"]
[Black "frederiksvane"]
[Result "1-0"]
[WhiteElo "2726"]
[BlackElo "2872"]
[TimeControl "180+1"]
[EndTime "15:05:55 PDT"]
[Termination "Nor1lsk won by checkmate"]

1. e4 e6 2. b3 d5 3. Bb2 dxe4 4. Nc3 Nf6 5. Qe2 Bd7 6. Nxe4 Nxe4 7. Qxe4 Bc6 8. Qg4 Nd7 9. O-O-O a5 10. Nf3 Nf6 11.
Qg3 Ne4 12. Qf4 Bd6 13. Ne5 O-O 14. Bd3 Nc5 15. Be2 Bd5 16. d4 Ne4 17. c4 Bc6 18.
d5 exd5 19. cxd5 Nxf2 20. Qxf2 Qg5+ 21. Kb1 Bxe5 22. dxc6 Bxb2 23. Kxb2 bxc6 24. Bc4 a4 25. Rhf1 axb3 26. Bxb3 Qe5+ 27. Qd4 Qxh2 28. Rxf7 Qh3 29. Qxg7# 1-0

[Event "Late-Titled-Tuesday-Blitz-October-17-2023"]
[Site "Chess.com"]
[Date "2023.10.17"]
[Round "6"]
[White "K_A_S_T_O_R"]
[Black "Dacean99"]
[Result "1-0"]
[WhiteElo "2871"]
[BlackElo "2637"]
[TimeControl "180+1"]
[EndTime "15:05:55 PDT"]
[Termination "K_A_S_T_O_R won by resignation"]

1. e4 d6 2. d4 Nf6 3. Nc3 g6 4. h3 a6 5. a4 Bg7 6. Nf3 O-O 7.
Be3 Nc6 8. a5 Nb4 9. Be2 d5 10. e5 Ne4 11. Nxe4 dxe4 12. Ng5 c5 13. c3 cxd4 14. Bxd4 Nc6 15. Nxe4 Nxe5 16. f4 Nc6 17. Bxg7 Kxg7 18. Qxd8 Rxd8 19. Nc5 e5 20. fxe5 Nxe5 21.
b4 Re8 22. Kf2 Re7 23. Rad1 Bf5 24. Rhe1 Rae8 25. g4 Bc8 26. Bf1 h5 27. gxh5 gxh5 28. Bg2 h4 29. Re4 Ng6 30. Rxe7 Rxe7 31. Rd8 Rc7 32. Ke3 Re7+ 33. Kd4 Nf4 34. Rxc8 Nxg2 35. Rb8 Nf4 36. Rxb7 Rxb7 37. Nxb7 Nxh3 38. b5 Ng5 39. bxa6 h3 40. Nd6 h2 41. Nf5+ Kf6 42. Ng3 Ne6+ 43.
Kc4 Ke5 44. a7 Nc7 45. Kc5 Kf4 46. Nh1 Kf3 47. Kc6 Na8 48. Kb7 Kg2 49. Kxa8 Kxh1 50. Kb8 Kg1 51. a8=Q h1=Q 52. Qxh1+ Kxh1 53. a6 f5 54. a7 f4 55. a8=Q+ f3 56. Qxf3+ 1-0

[Event "Late-Titled-Tuesday-Blitz-October-17-2023"]
[Site "Chess.com"]
[Date "2023.10.17"]
[Round "6"]
[White "VincentKeymer"]
[Black "Genghis_K"]
[Result "1-0"]
[WhiteElo "3087"]
[BlackElo "2851"]
[TimeControl "180+1"]
[EndTime "15:05:58 PDT"]
[Termination "VincentKeymer won by checkmate"]

1. Nf3 Nf6 2. c4 e6 3. Nc3 d5 4. e3 c5 5. cxd5 exd5 6. d4 Nc6 7. Bb5 Bd6 8. dxc5 Bxc5 9. O-O O-O 10. b3 a6 11. Be2 d4 12. Na4 Ba7 13. exd4 Nxd4 14. Bb2 Nxe2+ 15. Qxe2 Re8 16. Rad1 Bd7 17. Qc2 Qc8 18.
Qb1 Ne4 19. Bd4 Bg4 20. Bxa7 Rxa7 21. Rfe1 b5 22. Rxe4 Rxe4 23. Qxe4 Bxf3 24. Qxf3 bxa4 25. Qc6 Rc7 26. Qxa4 g6 27. g3 h5 28. h4 Rc2 29.
Re1 Qf5 30. Re8+ Kh7 31. Qd4 f6 32. Qa7+ Kh6 33. Rh8# 1-0

[Event "Late-Titled-Tuesday-Blitz-October-17-2023"]
[Site "Chess.com"]
[Date "2023.10.17"]
[Round "6"]
[White "Real_taiatai"]
[Black "johnmez"]
[Result "1-0"]
[WhiteElo "2443"]
[BlackElo "2279"]
[TimeControl "180+1"]
[EndTime "15:06:02 PDT"]
[Termination "Real_taiatai won on time"]

1. d4 e6 2. Nf3 Nf6 3. c4 c5 4. d5 exd5 5. cxd5 d6 6. Nc3 g6 7. h3 Bg7 8. e4 O-O 9. Be2 Re8 10. Nd2 Na6 11. O-O Nc7 12. a4 b6 13. Qc2 a6 14.
Nc4 Rb8 15. Bf4 Nh5 16. Bxd6 b5 17. axb5 axb5 18. Bxc7 Qxc7 19. Na5 c4 20. Nc6 Rb6 21. Ra7 Qd6 22. Bxh5 gxh5 23. Rd1 Qg6 24. Ne7+ Rxe7 25. Rxe7 Bxh3 26. Re8+ Bf8 27. f4 Kg7 28. Qf2 Bc5 29.
Rd4 Bxg2 30. Qxg2 Qxg2+ 31. Kxg2 Bxd4 32. e5 b4 33. Nd1 Rg6+ 34. Kf3 Rg1 35. Ne3 Bxb2 36. Nxc4 Bd4 37. Nd6 b3 38. Ke4 Bc3 39. Nf5+ 1-0

[Event "Late-Titled-Tuesday-Blitz-October-17-2023"]
[Site "Chess.com"]
[Date "2023.10.17"]
[Round "6"]
[White "Vojtap"]
[Black "Laico"]
[Result "0-1"]
[WhiteElo "2216"]
[BlackElo "2420"]
[TimeControl "180+1"]
[EndTime "15:06:02 PDT"]
[Termination "Laico won on time"]

1. e4 e6 2. d4 d5 3. Nc3 Nf6 4. e5 Nfd7 5. f4 c5 6. Nf3 Nc6 7. Be3 cxd4 8. Nxd4 Bc5 9. Qd2 O-O 10. O-O-O a6 11. Nce2 Qe7 12. g4 f6 13. f5 Ndxe5 14. fxe6 Nc4 15. Qc3 Bxe6 16. Bg2 Bb4 17. Qb3 N4a5 18.
Qa4 Nxd4 19. Rxd4 Nc6 20. Rxd5 Bxg4 21. Qb3 Kh8 22. Nd4 Bc5 23. Nxc6 Bxe3+ 24. Kb1 bxc6 25. Rd3 Bh6 0-1

[Event "Late-Titled-Tuesday-Blitz-October-17-2023"]
[Site "Chess.com"]
[Date "2023.10.17"]
[Round "6"]
[White "Estrategia_vs_Tactica"]
[Black "protectiago"]
[Result "1-0"]
[WhiteElo "2249"]
[BlackElo "2080"]
[TimeControl "180+1"]
[EndTime "15:06:02 PDT"]
[Termination "Estrategia_vs_Tactica won on time"]

1. d4 Nf6 2. Nf3 g6 3. g3 Bg7 4. Bg2 O-O 5. O-O d5 6. c4 c6 7.
Nc3 Bg4 8. Ne5 Be6 9. b3 dxc4 10. bxc4 Nfd7 11. Nxd7 Qxd7 12. Be3 Bxc4 13. Qa4 b5 14.
Qa5 Bxd4 15. Rfd1 Bxc3 16. Qxc3 Qg4 17. Rd4 Qxe2 18. Re1 Qxa2 19. Bh6 f6 20. Rxe7 Qb1+ 21. Re1 Qb3 22. Qa5 Na6 23. Qxa6 Qc3 24. Qa1 Qxa1 25.
Rxa1 Rfe8 26. Bxc6 Rad8 27. Bxe8 Rxd4 28. Rxa7 Rd1+ 29.
Kg2 Bd5+ 30. f3 g5 31. Bxb5 g4 32. Rg7+ Kh8 33. Rxg4 Rd2+ 34. Kf1 f5 35. Bxd2 fxg4 36. fxg4 Be6 37. h3 Kg7 38. Kg2 Kg6 39. Bc6 h5 40. Be8+ Kg7 41. Bc3+ Kf8 42. Bxh5 Bd5+ 43. Kf2 Ke7 44.
g5 Kf8 45. Bb4+ Kg8 46. Bf3 Kg7 47. Bxd5 1-0

[Event "Late-Titled-Tuesday-Blitz-October-17-2023"]
[Site "Chess.com"]
[Date "2023.10.17"]
[Round "6"]
[White "SCIM"]
[Black "ferdipy"]
[Result "1-0"]
[WhiteElo "2549"]
[BlackElo "2367"]
[TimeControl "180+1"]
[EndTime "15:06:05 PDT"]
[Termination "SCIM won by checkmate"]

1. e4 e6 2. d4 d5 3. e5 c5 4. c3 Nc6 5. Nf3 Qb6 6. Bd3 cxd4 7. O-O Bd7 8. Re1 dxc3 9. Nxc3 a6 10. h4 h6 11. h5 Nge7 12. Qe2 Rc8 13. Bf4 Qb4 14. Bg3 Qg4 15. Rac1 Qxh5 16. Na4 Nf5 17. Bh2 Bb4 18. Red1 O-O 19. Nb6 Rc7 20. a3 Ba5 21. Nxd7 Rxd7 22. Bxa6 Rc8 23. Bb5 Rdc7 24. Bf4 Qg4 25.
g3 Bb6 26. Kg2 g5 27. Bd2 Na7 28. Rxc7 Rxc7 29. Bd3 Nd4 30. Nxd4 Qxd4 31. Be3 Qa4 32.
Bxb6 Rc8 33. Bxa7 Qxa7 34. Rh1 Kg7 35. Qh5 Qb8 36. Qxh6+ Kg8 37. Qh8# 1-0

[Event "Late-Titled-Tuesday-Blitz-October-17-2023"]
[Site "Chess.com"]
[Date "2023.10.17"]
[Round "6"]
[White "RichardShtivelband"]
[Black "koncheto"]
[Result "1-0"]
[WhiteElo "2201"]
[BlackElo "2548"]
[TimeControl "180+1"]
[EndTime "15:06:07 PDT"]
[Termination "RichardShtivelband won on time"]

1. e4 c5 2. c3 Nf6 3. e5 Nd5 4. d4 cxd4 5. cxd4 e6 6. Nf3 d6 7.
Nc3 Nxc3 8. bxc3 Qc7 9. Bd2 Bd7 10. Bd3 Bc6 11. O-O Nd7 12. exd6 Bxd6 13. h3 h6 14. Re1 O-O 15. c4 Rfd8 16. Bc3 Nf6 17. Bc2 Bxf3 18.
Qxf3 Qxc4 19. Bb3 Qc6 20. Qd3 Rac8 21. Rac1 Nd5 22. Bd2 Qb6 23. Bxd5 Rxc1 24. Rxc1 exd5 25. Qf5 Qxd4 26. Rc8 Qa1+ 27. Bc1 Rf8 28. g3 g6 29.
Rxf8+ Bxf8 30. Qc8 h5 31. Kg2 Qxa2 32. Be3 d4 33.
Bf4 Qd5+ 34. Kh2 b5 35. Qb8 d3 36. Bd2 a5 37. h4 b4 38. Kg1 Qc4 39. Bf4 1-0

[Event "Late-Titled-Tuesday-Blitz-October-17-2023"]
[Site "Chess.com"]
[Date "2023.10.17"]
[Round "6"]
[White "Dhaydon19"]
[Black "wanyaland"]
[Result "1-0"]
[WhiteElo "2551"]
[BlackElo "2460"]
[TimeControl "180+1"]
[EndTime "15:06:08 PDT"]
[Termination "Dhaydon19 won on time"]

1. d4 d5 2. Nf3 e6 3. c4 Nf6 4.
Nc3 c6 5. e3 Nbd7 6. Qc2 Bd6 7. Be2 dxc4 8. Bxc4 e5 9. h3 O-O 10.
g4 exd4 11. Nxd4 Ne5 12. Be2 Re8 13. Bd2 c5 14. Nf5 Bf8 15. O-O-O Qc7 16. Nb5 Qb8 17.
Bc3 Bd7 18. Nbd6 Re6 19. f4 Ng6 20. Qd2 Bc6 21. Rhg1 Nd5 22. Bc4 Nxc3 23. bxc3 b5 24. Bxe6 fxe6 25. Ng3 Bd5 26. Nde4 Qb7 27. Nf2 Nh4 28. e4 Bc4 29. Qd7 Qa6 30. Rd2 Qa3+ 31. Kb1 Nf3 32. Rgd1 Nxd2+ 33. Qxd2 1-0

[Event "Late-Titled-Tuesday-Blitz-October-17-2023"]
[Site "Chess.com"]
[Date "2023.10.17"]
[Round "6"]
[White "Msb2"]
[Black "mishanick"]
[Result "1/2-1/2"]
[WhiteElo "3072"]
[BlackElo "3041"]
[TimeControl "180+1"]
[EndTime "15:06:09 PDT"]
[Termination "Game drawn by repetition"]

1. d4 Nf6 2. c4 e6 3. Nc3 d5 4.
cxd5 exd5 5. Bg5 c6 6. e3 Be7 7. Bd3 Nbd7 8. h3 Nf8 9. Nf3 Ne6 10. Bh4 O-O 11. Qc2 g6 12. Ne5 Nd7 13. Bxe7 Qxe7 14. Nf3 Ng5 15. Nd2 Nf6 16. h4 Ne6 17. O-O-O Ng7 18.
h5 Ngxh5 19. Rde1 c5 20. dxc5 Qxc5 21. Nb3 Qd6 22. Nd4 Bd7 23. f3 Rac8 24. g4 Ng7 25. Rh6 Rfe8 26. Kb1 a6 27. Qf2 b5 28. Reh1 Qe5 29.
Nd1 Rc7 30. Qh4 Rec8 31. Nc3 b4 32. Rxh7 Nxh7 33. Qxh7+ Kf8 34. f4 Qd6 35. Qh8+ Ke7 36. Qh4+ Ke8 37. Qh8+ Ke7 38. Qh4+ Ke8 39. Qh8+ Ke7 1/2-1/2

[Event "Late-Titled-Tuesday-Blitz-October-17-2023"]
[Site "Chess.com"]
[Date "2023.10.17"]
[Round "6"]
[White "CraiggoryC"]
[Black "sari07"]
[Result "1-0"]
[WhiteElo "2214"]
[BlackElo "2320"]
[TimeControl "180+1"]
[EndTime "15:06:11 PDT"]
[Termination "CraiggoryC won on time"]

1. e4 e5 2. Nf3 Nc6 3. Bc4 Nf6 4.
d3 Bc5 5. O-O O-O 6. Bb3 d6 7.
c3 Bg4 8. Nbd2 b5 9. h3 Bh5 10.
Re1 Re8 11. Nf1 a5 12. a4 b4 13. Ng3 Bg6 14. Be3 Bxe3 15. fxe3 Rb8 16. Rf1 Nh5 17. Nxh5 Bxh5 18. Bc4 bxc3 19. bxc3 Re7 20. Qe1 Rb2 21. Bb5 Na7 22. Qc1 Re2 23. Bc4 Qb8 24. d4 Rb2 25. Bb5 Rxb5 26. axb5 Qxb5 27. c4 Qa6 28. Qc3 exd4 29.
exd4 Rxe4 30. Rxa5 1-0

[Event "Late-Titled-Tuesday-Blitz-October-17-2023"]
[Site "Chess.com"]
[Date "2023.10.17"]
[Round "6"]
[White "Nf3c5"]
[Black "marik_spb"]
[Result "1-0"]
[WhiteElo "2612"]
[BlackElo "2423"]
[TimeControl "180+1"]
[EndTime "15:06:12 PDT"]
[Termination "Nf3c5 won on time"]

1. d4 Nf6 2. c4 g6 3. Nc3 Bg7 4. e4 d6 5. Be2 O-O 6. Be3 c5 7. e5 dxe5 8. dxe5 Nfd7 9. f4 Nc6 10. Nf3 b6 11. O-O Bb7 12. Ng5 e6 13. Bf3 Qc7 14. Nge4 Rad8 15. Nd6 Ndxe5 16. fxe5 Bxe5 17. Ncb5 Qb8 18.
Qe1 Bxd6 19. Nxd6 Qxd6 20. Bh6 Rfe8 21. Kh1 Bc8 22. Rd1 Nd4 23. Qh4 e5 24. Bd5 Bf5 25. g4 Qe7 26. Bg5 Qf8 27. gxf5 Nxf5 28. Rxf5 Rxd5 29. cxd5 1-0

[Event "Late-Titled-Tuesday-Blitz-October-17-2023"]
[Site "Chess.com"]
[Date "2023.10.17"]
[Round "6"]
[White "effefe"]
[Black "angryspacevoid"]
[Result "1-0"]
[WhiteElo "2352"]
[BlackElo "2451"]
[TimeControl "180+1"]
[EndTime "15:06:12 PDT"]
[Termination "effefe won by checkmate"]

1. d4 d5 2. c4 e6 3. Nc3 c5 4.
e3 Nf6 5. Nf3 cxd4 6. exd4 Bb4 7. Be2 dxc4 8. Bxc4 O-O 9. O-O b6 10. a3 Be7 11. Bf4 Bb7 12. Rc1 Nc6 13. Qd3 Qd7 14. Bb5 Rfd8 15. Ne5 Nxe5 16. Bxe5 Bc6 17. Bxc6 Qxc6 18.
Nb5 Qe4 19. Qxe4 Nxe4 20. f3 Nd6 21. Bxd6 Bxd6 22. Rc6 Bf4 23. Rd1 h6 24. g3 Be3+ 25. Kf1 Rd5 26. Ke2 Rxb5 27. Kxe3 Rb4 28. axb4 a5 29.
b5 Rb8 30. Rdc1 Kh7 31. Rc8 Rb7 32. R1c7 Rb8 33. Rxb8 Kg6 34. Rxb6 Kg5 35. Ra6 Kg6 36. Rxa5 Kf6 37. b6 g5 38. b7 h5 39. b8=Q h4 40. Qd8+ Kg7 41. Qxg5+ Kh8 42. Ra8+ Kh7 43. Rxf7# 1-0

[Event "Late-Titled-Tuesday-Blitz-October-17-2023"]
[Site "Chess.com"]
[Date "2023.10.17"]
[Round "6"]
[White "C_K_G"]
[Black "ChessSwole"]
[Result "0-1"]
[WhiteElo "1892"]
[BlackElo "2750"]
[TimeControl "180+1"]
[EndTime "15:06:12 PDT"]
[Termination "ChessSwole won on time"]

1. e4 c5 2. Nf3 d6 3. d4 cxd4 4. Nxd4 Nf6 5. Nc3 a6 6. Be2 e5 7. Nb3 Be7 8. Be3 Be6 9. O-O O-O 10. a4 Nbd7 11. a5 Qc7 12. f4 Rfc8 13. f5 Bc4 14. Bxc4 Qxc4 15. Ra4 Qc7 16. g4 b5 17. axb6 Nxb6 18. Ra2 Nc4 19. Bc1 h6 20. Qf3 a5 21.
h4 a4 22. Nxa4 Qc6 23. g5 Rxa4 24. Rxa4 Qxa4 25. gxf6 Bxf6 26. Qg3 Kf8 27. Kh1 Qc6 28. Re1 Ra8 29. Kg2 Na5 30. Nxa5 Qxc2+ 31. Kh3 Rxa5 32. Be3 Qxe4 33. Rc1 Qxf5+ 0-1

[Event "Late-Titled-Tuesday-Blitz-October-17-2023"]
[Site "Chess.com"]
[Date "2023.10.17"]
[Round "6"]
[White "Perecke"]
[Black "YouShallNotPass001"]
[Result "1-0"]
[WhiteElo "2524"]
[BlackElo "2399"]
[TimeControl "180+1"]
[EndTime "15:06:13 PDT"]
[Termination "Perecke won by checkmate"]

1. e4 c5 2. Nf3 g6 3. c4 Bg7 4. d4 Qa5+ 5. Bd2 Qb6 6. Bc3 cxd4 7. Bxd4 Bxd4 8. Qxd4 Qxd4 9. Nxd4 Nc6 10. Nb5 Kd8 11.
Nd2 Nb4 12. O-O-O Nxa2+ 13. Kb1 Nb4 14. c5 b6 15. cxb6 axb6 16. Nc4 Rb8 17. Ne5 Ke8 18. Nc7+ Kf8 19. Rd4 d6 20. Nxf7 Kxf7 21. Rxb4 Nf6 22. f3 Bd7 23. Bc4+ Kg7 24. Be6 Rhc8 25. Rc1 Rxc7 26.
Rxc7 Bxe6 27. Rxe7+ Bf7 28. Rd4 Kf8 29. Ra7 Ne8 30. e5 dxe5 31. Rdd7 Be6 32. Rxh7 Rd8 33. Rae7 Bg8 34. Rd7 Rc8 35. Rh4 Be6 36. Rh8+ Bg8 37. h4 Nf6 38. Rb7 Rd8 39. g4 Rd1+ 40. Kc2 Rd8 41. h5 gxh5 42. g5 Ne8 43. g6 Rd6 44.
Rf7# 1-0